 Dungeon Crawl Stone Soup version 0.31.0-1-g2c135a0 (webtiles) character file.

Game seed: 13757792466015226091

0 jagoly the Apothecary (level 1, 0/15 HPs)
             Began as a Naga Alchemist on Jan 24, 2024.
             Slain by a bat (1 damage)
             ... on level 1 of the Dungeon.
             The game lasted 00:07:54 (47 turns).

jagoly the Apothecary (Naga Alchemist)                Turns: 47, Time: 00:07:54

Health: 0/15       AC:  1    Str: 10    XL:     1   Next: 0%
Magic:  1/3        EV:  9    Int: 15    God:
Gold:   0          SH:  0    Dex: 11    Spells: 3/4 levels left

rFire   . . .        (no weapon)
rCold   . . .        (no shield)
rNeg    . . .        a - +0 robe
rPois   +            (no helmet)
rElec   .            (no cloak)
rCorr   .            (no gloves)
SInv    +            (no barding)
Will    .....        (no amulet)
Stlth   ++           (no ring)
HPRegen 0.22/turn    (no ring)
MPRegen 0.08/turn

%: no passive effects
@: very slow
A: AC +0, large, see invisible, deformed body, poison resistance, slowness 2,
spit poison 1, naga tail 1
a: Spit Poison


You were on level 1 of the Dungeon.
You visited 1 branch of the dungeon, and saw 1 of its levels.

Inventory:

Missiles
 d - 5 stones
Armour
 a - a +0 robe (worn)
Scrolls
 c - a scroll of enchant weapon {unknown}
Potions
 b - a potion of magic


   Skills:
 - Level 1.5 Dodging
 + Level 3.0 Stealth
 - Level 2.0 Spellcasting
 * Level 1.0 Conjurations
 * Level 3.6 Alchemy


You had 3 spell levels left.
You knew the following spells:

 Your Spells              Type           Power      Damage    Failure   Level
a - Sting                 Conj/Alch      32%        1d5       9%          1

Your spell library contained the following spells:

 Spells                   Type           Power      Damage    Failure   Level
 Mercury Vapours          Alch/Air       12%        N/A       16%         2
 Mephitic Cloud           Conj/Alch/Air  6%         N/A       34%         3
 Olgreb's Toxic Radiance  Alch           12%        N/A       45%         4
 Sticky Flame             Fire/Alch      6%         2d4       71%         4


Dungeon Overview and Level Annotations

Branches:
Dungeon (1/15) Zot: 5937

Altars:


Innate Abilities, Weirdness & Mutations

Your serpentine skin is tough. (AC +0)
You have supernaturally acute eyesight. (SInv)
Armour fits poorly on your strangely shaped body.
Your system is resistant to poisons. (rPois)
You cover ground very slowly.
You can spit poison.
You have a snake-like lower body.


Message History

Welcome, jagoly the Naga Alchemist.
The majestic Orb of Zot lies far below, as if waiting for you to find it.
Press ? for a list of commands and other information.
Found a scroll labelled LEESANAGHI.
Found a staircase leading out of the dungeon.
Unknown command.
Unknown command.
Unknown command.
Unknown command.
Unknown command.
Unknown command.
Unknown command.
Unknown command.
Unknown command.
Unknown command.
Welcome back, jagoly the Naga Alchemist.
Press ? for a list of commands and other information.
Welcome back, jagoly the Naga Alchemist.
Press ? for a list of commands and other information.
Welcome back, jagoly the Naga Alchemist.
Press ? for a list of commands and other information.
Welcome back, jagoly the Naga Alchemist.
Press ? for a list of commands and other information.
Welcome back, jagoly the Naga Alchemist.
Press ? for a list of commands and other information.
Welcome back, jagoly the Naga Alchemist.
Press ? for a list of commands and other information.
Welcome back, jagoly the Naga Alchemist.
Press ? for a list of commands and other information.
Welcome back, jagoly the Naga Alchemist.
Press ? for a list of commands and other information.
Welcome back, jagoly the Naga Alchemist.
Press ? for a list of commands and other information.
c - a scroll labelled LEESANAGHI
There is a dry fountain here.
Found 5 stones.
You see here 5 stones.
d - 5 stones You open the door.
There is an open door here.
A kobold comes into view. It is wielding a +0 short sword.
A kobold is nearby!
A bat comes into view.
The kobold shouts!
Cast which spell? (? or * to list)
Aiming: Sting (safe; 9% risk of failure)
Press: ? - help, Shift-Dir - straight line, f - bat
Aim: a bat (52% to hit)
Okay, then.
You hit the bat.
The bat is moderately wounded.
The bat hits you.
Cast which spell? (? or * to list)
Aiming: Sting (safe; 9% risk of failure)
Press: ? - help, Shift-Dir - straight line, f - bat
Aim: a bat (moderately wounded, 52% to hit)
The sting hits the kobold but does no damage.
The kobold is poisoned.
The kobold hits you with a +0 short sword.
Cast which spell? (? or * to list)
Aiming: Sting (safe; 9% risk of failure)
Press: ? - help, Shift-Dir - straight line, f/p - bat
Aim: a bat (52% to hit)
The sting hits the kobold but does no damage.
The kobold looks even sicker.
The kobold hits you with a +0 short sword.
Attack: -) Nothing wielded
Press: ? - help, Dir - move target, f - kobold, p - bat
Aim: a kobold, wielding a +0 short sword and quivering stones (heavily wounded, very poisoned, about 47% to evade your hands)
You closely miss the kobold.
The kobold is heavily wounded.
The kobold hits you with a +0 short sword.
* * * LOW HITPOINT WARNING * * *
Attack: -) Nothing wielded
Press: ? - help, Dir - move target, f/p - kobold
Aim: a kobold, wielding a +0 short sword and quivering stones (heavily wounded, very poisoned, about 47% to evade your hands)
You closely miss the kobold.
The kobold is heavily wounded.
The kobold hits you with a +0 short sword.
* * * LOW HITPOINT WARNING * * *
Attack: -) Nothing wielded
Press: ? - help, Dir - move target, f/p - kobold
Aim: a kobold, wielding a +0 short sword and quivering stones (heavily wounded, very poisoned, about 47% to evade your hands)
You barely miss the kobold.
The kobold is heavily wounded.
The kobold hits you with a +0 short sword.
* * * LOW HITPOINT WARNING * * *
The kobold attacks as it pursues you!
The kobold hits you with a +0 short sword.
* * * LOW HITPOINT WARNING * * *
Attack: -) Nothing wielded
Press: ? - help, Dir - move target, f/p - kobold
Aim: a kobold, wielding a +0 short sword and quivering stones (heavily wounded, very poisoned, about 47% to evade your hands)
You hit the kobold but do no damage.
The kobold is heavily wounded.
The kobold hits you but does no damage.
Attack: -) Nothing wielded
Press: ? - help, Dir - move target, f/p - kobold
Aim: a kobold, wielding a +0 short sword and quivering stones (severely wounded, poisoned, about 47% to evade your hands)
You hit the kobold.
You kill the kobold!
The bat hits you.
You die...

# .. #.# #####...#..
##.@b.......
#..#####.#.. #.## #.#
#.# #.# ###########
#.#####.........####
##.##...............#
#..'......⌠...⌠......


You could see a bat.

Vanquished Creatures
  A kobold (D:1)
1 creature vanquished.

Notes
Turn   | Place    | Note
-------+----------+-------------------------------------------
     0 | D:1      | jagoly the Naga Alchemist began the quest for the Orb.
     0 | D:1      | Reached XP level 1. HP: 15/15 MP: 3/3
    47 | D:1      | Slain by a bat

Illustrated notes

Levels and vault maps discovered:
D:1:      dpeg_arrival_stone_temple_mockup, layout_basic, st_stairs_9,
          minmay_distorted

Action                     || total
---------------------------++-------
  Melee: Unarmed           ||     6
   Cast: Sting             ||     2
 Armour: Robe              ||     9
